 Dungeon Crawl Stone Soup version 0.22.0 (webtiles) character file.

32 Blackhawk the Sneak (level 3, -4/31 HPs)
             Began as a Gnoll Assassin on Oct 22, 2018.
             Slain by an orc
             ... wielding a +0 club
              (6 damage)
             ... on level 2 of the Dungeon.
             The game lasted 00:02:33 (1163 turns).

Blackhawk the Sneak (Gnoll Assassin)                Turns: 1163, Time: 00:02:33

Health: -4/31      AC:  3    Str: 13    XL:     3   Next: 25%
Magic:  3/3        EV: 13    Int: 13    God:
Gold:   18         SH:  0    Dex: 17    Spells: 3/3 levels left

rFire    . . .     SeeInvis .   a - +2 dagger
rCold    . . .     Gourm    .   (no shield)
rNeg     . . .     Faith    .   c - +0 robe
rPois    .         Spirit   .   (no helmet)
rElec    .         Reflect  .   d - +0 cloak
rCorr    .         Harm     .   (no gloves)
MR       .....                  (no boots)
Stlth    ++++......             (no amulet)
HPRegen  0.10/turn              (no ring)
MPRegen  0.08/turn              (no ring)

@: no status effects
A: distributed training, fangs 1, strong nose
a: no special abilities


You were on level 2 of the Dungeon.
You were not hungry.

You visited 1 branch of the dungeon, and saw 2 of its levels.

You collected 18 gold pieces.

Inventory:

Hand Weapons
 a - a +2 dagger (weapon)
 b - a +0 blowgun
Missiles
 e - 8 poisoned needles
 f - 2 curare-tipped needles
Armour
 c - a +0 robe (worn)
 d - a +0 cloak (worn)
Jewellery
 h - an uncursed ring of flight {unknown}
Scrolls
 k - a scroll of identify {unknown}
Potions
 i - 2 potions of haste
 j - 2 potions of mutation {unknown}
Comestibles
 g - 3 rations
 l - a chunk of flesh


   Skills:
 + Level 4.5 Fighting
 + Level 4.5 Short Blades
 + Level 0.6 Long Blades
 + Level 0.6 Axes
 + Level 0.6 Maces & Flails
 + Level 0.6 Polearms
 + Level 0.6 Staves
 + Level 0.6 Slings
 + Level 0.6 Bows
 + Level 0.6 Crossbows
 + Level 4.5 Throwing
 + Level 0.6 Armour
 + Level 2.5 Dodging
 + Level 7.7 Stealth
 + Level 0.6 Shields
 + Level 0.6 Unarmed Combat
 + Level 0.6 Spellcasting
 + Level 0.4 Conjurations
 + Level 0.4 Hexes
 + Level 0.4 Charms
 + Level 0.4 Summonings
 + Level 0.4 Necromancy
 + Level 0.4 Translocations
 + Level 0.4 Transmutations
 + Level 0.4 Fire Magic
 + Level 0.4 Ice Magic
 + Level 0.4 Air Magic
 + Level 0.4 Earth Magic
 + Level 0.4 Poison Magic
 + Level 0.8 Invocations
 + Level 0.6 Evocations


You had 3 spell levels left.
You didn't know any spells.
Your spell library was empty.

Dungeon Overview and Level Annotations

Branches:
Dungeon (2/15)

Altars:
Nemelex Xobeh


Innate Abilities, Weirdness & Mutations

Your experience applies equally to all skills.
You have very sharp teeth.
Your uncanny sense of smell can sniff out nearby items.


Message History

An orc comes into view. It is wielding a club.
An orc warrior comes into view. It is wielding a glaive.
The orc warrior shouts!
The orc shouts!
The orc wizard shouts!
You barely miss the orc.
The orc wizard gestures at you while chanting.
The magic dart hits you!
The orc warrior drinks a potion.
The orc warrior seems to speed up.
The orc wizard casts a spell at you. The magic dart hits you!
The orc misses you.
You are too injured to fight recklessly!
You are too injured to fight recklessly!
You are too injured to fight recklessly!
You are too injured to fight recklessly!
You hit the orc but do no damage.
The orc warrior throws a stone.
The stone hits you!
* * * LOW HITPOINT WARNING * * *
You closely miss the orc. The orc misses you.
You hit the orc but do no damage.
The orc warrior throws a stone.
The stone misses you. The orc hits you with a club.
You die...

#...††##........##
##.>...####.####..#
...(...# #.# ##.##
##.....# #.# #..#
##o###.# #(# ##.## .#$#
#.# #.# #..## ...###.#
#. ##..## .......#
#..#######...#
.#####..##.[...o@.....#
## ...####.####..# #
##..o..##[.#
.#.#.o.o...#..#
..#.......#..#
......_......# ∆
..#.......#.##
..#.......#.#
##.....##.#


You could see an orc warrior, 2 orc wizards and an orc.

Vanquished Creatures
  An adder (D:2)
  A worm (D:2)
  3 hobgoblins
  2 jackals (D:1)
  2 ball pythons
  3 bats (D:1)
  2 goblins (D:1)
  4 kobolds
  5 rats
23 creatures vanquished.

Notes
Turn   | Place    | Note
-------+----------+-------------------------------------------
     0 | D:1      | Blackhawk the Gnoll Assassin began the quest for the Orb.
     0 | D:1      | Reached XP level 1. HP: 20/20 MP: 1/1
   443 | D:1      | Reached XP level 2. HP: 26/26 MP: 2/2
   932 | D:2      | Found a sparkling altar of Nemelex Xobeh.
   964 | D:2      | Reached XP level 3. HP: 31/31 MP: 3/3
  1159 | D:2      | Noticed an orc warrior
  1163 | D:2      | Slain by an orc

Action                   || total
-------------------------++-------
Melee: Dagger            ||    55
       Bite              ||     6
 Stab: Sleeping          ||     9
  Eat: Chunk             ||     1
Armor: Robe              ||     8
Dodge: Dodged            ||    21
